 Dungeon Crawl Stone Soup version 0.28-b1-25-g9875b3fc8c (webtiles) character file.

Game seed: 5881929556816847405

23 Panth the Ducker (level 2, -6/29 HPs)
             Began as a Troll Fighter on Feb 3, 2022.
             Mangled by Crazy Yiuf (10 damage)
             ... on level 2 of the Dungeon.
             The game lasted 00:05:36 (910 turns).

Panth the Ducker (Troll Fighter)                     Turns: 910, Time: 00:05:44

Health: -6/29      AC:  4    Str: 23    XL:     2   Next: 72%
Magic:  1/1        EV:  8    Int:  4    God:
Gold:   83         SH: 12    Dex:  9    Spells: 1/1 levels left

rFire   . . .      SeeInvis .   a - +0 flail
rCold   . . .      Faith    .   c - +0 kite shield
rNeg    . . .      Spirit   .   b - +0 robe
rPois   .          Reflect  +   (helmet restricted)
rElec   .          Harm     .   (no cloak)
rCorr   .          Rampage  .   (gloves unavailable)
Will    .....                   (boots unavailable)
Stlth   +.........              g - amulet of reflection
HPRegen 0.89/turn               (no ring)
MPRegen 0.07/turn               (no ring)

@: lethally poisoned (-6 -> -9)
A: large, unfitting armour, claws 3, regeneration 1, shaggy fur 1, tough skin 1
a: no special abilities


You were on level 2 of the Dungeon.
You visited 1 branch of the dungeon, and saw 2 of its levels.

You collected 83 gold pieces.

Inventory:

Hand Weapons
 a - a +0 flail (weapon)
 e - a +0 mace
 f - a +0 hunting sling
Missiles
 i - a throwing net (quivered)
Armour
 b - a +0 robe (worn)
 c - a +0 kite shield (worn)
Jewellery
 g - an amulet of reflection (around neck)
 j - a ring of magical power
Scrolls
 h - a scroll of vulnerability {unknown}
Potions
 d - a potion of might


   Skills:
 + Level 2.6 Fighting
 + Level 2.0 Maces & Flails
 + Level 2.7 Dodging
 + Level 2.7 Shields


You had one spell level left.
You didn't know any spells.
Your spell library was empty.

Dungeon Overview and Level Annotations

Branches:
Dungeon (2/15)

Altars:

Annotations:
D:2 Crazy Yiuf


Innate Abilities, Weirdness & Mutations

You are too large for most types of armour.
You have claws for hands.
Your natural rate of healing is unusually fast.
You are covered in fur. (AC +1)
You have tough skin. (AC +1)


Message History

You hit the bush but do no damage.
The bush is severely damaged.
You sock the bush!
The bush is almost destroyed.
You completely miss the bush.
The bush is almost destroyed.
You hit the bush.
The bush is almost destroyed.
You hit the bush.
The bush is almost destroyed.
You hit the bush but do no damage.
The bush is almost destroyed.
You hit the bush.
The bush is almost destroyed.
You hit the bush but do no damage.
The bush is almost destroyed.
You hit the bush but do no damage.
The bush is almost destroyed.
You hit the bush but do no damage.
The bush is almost destroyed.
You hit the bush.
You destroy the bush!
Found a mace.
Found a runed translucent door.
Crazy Yiuf shouts!
Crazy Yiuf yells, "Shadow!"
You open the door. You hit Crazy Yiuf but do no damage.
You block Crazy Yiuf's attack.
Crazy Yiuf hits you with a +4 quarterstaff of chaos.
Crazy Yiuf freezes you.
You barely miss Crazy Yiuf.
Crazy Yiuf yells, "Blight!
Cholesterol illywillydillykilly arm."
Crazy Yiuf hits you with a +4 quarterstaff of chaos!
You are poisoned.
You hit Crazy Yiuf.
Crazy Yiuf is moderately wounded.
You feel very sick.
Crazy Yiuf hits you with a +4 quarterstaff of chaos!
* * * LOW HITPOINT WARNING * * *
Crazy Yiuf hits you with a +4 quarterstaff of chaos!
You die...

#.#######..........#
#####.#####
#..........#
..........#
#..........#
........###
############ .†......#
.....<..# ........####
### .........#.##
###..)#
............####@g...#
####.##......#..##...#
#.###.#..#.### ### #.#
######## #.# #. #. #.


You could see Crazy Yiuf.

Vanquished Creatures
  3 ball pythons (D:1)
  3 bats
  An endoplasm (D:1)
  A giant cockroach (D:1)
  2 goblins
  3 hobgoblins
  2 kobolds
  2 quokkas (D:1)
  A frilled lizard (D:1)
  A rat (D:1)
  A bush (D:2)
20 creatures vanquished.

Notes
Turn   | Place    | Note
-------+----------+-------------------------------------------
     0 | D:1      | Panth the Troll Fighter began the quest for the Orb.
     0 | D:1      | Reached XP level 1. HP: 22/22 MP: 0/0
    39 | D:1      | Found a faded altar of an unknown god.
   137 | D:1      | Reached XP level 2. HP: 29/29 MP: 1/1
   903 | D:2      | Found a runed translucent door.
   904 | D:2      | Noticed Crazy Yiuf
   910 | D:2      | Mangled by Crazy Yiuf

Illustrated notes

Levels and vault maps discovered:
D:1:      dpeg_arrival_shrine, layout_loops_ring,
          hellmonk_ecumenical_altar_pennies_from_heaven, minmay_unequal
D:2:      layout_basic, uniq_crazy_yiuf_cottage

Skill      XL: |  1  2 |
---------------+-------+-----
Maces & Flails | 2 |  2.0
Fighting       | |  2.6
Dodging        | |  2.7
Shields        | |  2.7

Action                   || total
-------------------------++-------
Melee: Flail             ||   100
  Use: Scroll            ||     1
Armor: Robe              ||    17
Dodge: Dodged            ||    20
Block: Kite shield       ||    32
       Reflection        ||     1
